AoeStats
← Scol1ng

Arena

504982860Analyzed
1v1 RM · 25d ago on Sep 7, 2026· 46m 14s· 2 players
Game mode
Random Map
Map size
Tiny (2 player)
Population
200
Speed
Normal
Resources
Standard
Victory
Conquest
Starting age
Dark Age
Ending age
Imperial Age
RankedLock teamsTeams togetherTeam positionsShared explorationLock speedFull tech treeHidden civsTurbo modeCheats
Victory
Defeat
🇩🇪 Dravidians · Germany
1752
+15
🇮🇪 Bohemians · Ireland
1722
-15
Dr Housed
10:52 Feudal Age
9:09 Loom
10:55 Feudal Age
12:40 Double-Bit Axe
15:36 Castle Age
14:50 Scale Barding Armor
25:17 Horse Collar
25:49 Bow Saw
27:39 Heavy Plow
32:03 Wheelbarrow
32:53 Town Watch
37:08 Imperial Age
36:31 Chemistry
35:34 Padded Archer Armor
37:22 Hand Cart
38:51 Leather Archer Armor
39:44 Two-Man Saw
38:58 Guilds
39:33 Conscription
41:58 Wagenburg Tactics
42:13 Siege Engineers
44:30 Ballistics
46:40 Chain Barding Armor
Scol1ng
8:18 Feudal Age
8:44 Double-Bit Axe
9:49 Town Watch
9:47 Horse Collar
10:45 Loom
16:10 Wheelbarrow
19:38 Castle Age
17:43 Fletching
18:30 Scale Mail Armor
19:52 Pikeman
21:36 Bow Saw
25:21 Forging
35:11 Imperial Age
33:04 Bodkin Arrow
34:50 Masonry
35:26 Gold Mining
37:36 Chemistry
38:50 Bracer
39:15 Squires
Connection lost

Rejoining the realm…

Still unreachable

The connection could not be restored.

Session expired

The server has moved on; the page needs a fresh start.